 Dungeon Crawl Stone Soup version 0.27-a0-1513-g2aaa0cc67b (webtiles) character file.

Game seed: 17049114038788229805

60 gimp the Magician (level 4, -5/24 HPs)
             Began as a Tengu Earth Elementalist on July 9, 2021.
             Slain by an ogre (29 damage)
             ... on level 2 of the Dungeon.
             The game lasted 00:04:19 (2348 turns).

gimp the Magician (Tengu Earth Elementalist)        Turns: 2348, Time: 00:04:19

Health: -5/24      AC:  2    Str:  8    XL:     4   Next: 4%
Magic:  9/9        EV: 12    Int: 17    God:
Gold:   63         SH:  0    Dex: 14    Spells: 5/9 levels left

rFire    . . .     SeeInvis .   e - +0 dagger
rCold    . . .     Faith    .   (no shield)
rNeg     . . .     Spirit   .   b - +0 robe
rPois    .         Reflect  .   (helmet restricted)
rElec    .         Harm     .   (no cloak)
rCorr    .         Rampage  .   (no gloves)
Will     .....                  (boots unavailable)
Stlth    ++........             (no amulet)
HPRegen  0.08/turn              (no ring)
MPRegen  0.11/turn              (no ring)

@: no status effects
A: beak, talons 3
a: no special abilities


You were on level 2 of the Dungeon.
You visited 1 branch of the dungeon, and saw 2 of its levels.

You collected 63 gold pieces.

Inventory:

Hand Weapons
 e - a +0 dagger (weapon)
Missiles
 c - 23 stones
Armour
 b - a +0 robe (worn)
 h - a +1 ring mail of cold resistance
Scrolls
 a - a scroll of fog {unknown}
 f - 3 scrolls of identify {unknown}
 g - a scroll of immolation {unknown}
Potions
 d - a potion of curing {unknown}


   Skills:
 - Level 2.1 Dodging
 - Level 2.0 Stealth
 - Level 3.0 Spellcasting
 * Level 2.1 Conjurations
 - Level 0.7 Transmutations
 + Level 2.7 Earth Magic


You had 5 spell levels left.
You knew the following spells:

 Your Spells              Type           Power      Damage    Failure   Level
a - Stone Arrow           Conj/Erth      20%        3d8       19%         3
b - Sandblast             Erth           22%        2d7       6%          1

Your spell library contained the following spells:

 Spells                   Type           Power      Damage    Failure   Level
 Passwall                 Tmut/Erth      6%         N/A       13%         2
 Petrify                  Tmut/Erth      8%         N/A       65%         4


Dungeon Overview and Level Annotations

Branches:
Dungeon (2/15)

Altars:


Innate Abilities, Weirdness & Mutations

You have a beak for a mouth.
You have claws for feet.


Message History

The ball python bites you but does no damage.
The ball python constricts you.
You take 1 damage, and have 16/19 hp.
You barely miss the ball python. You claw the ball python.
You kill the ball python!
You have reached level 4!
You feel clever.
You regained 4 hp, and now have 20/24 hp.
MP restored: 9 HP restored.
An endoplasm comes into view.
Found a stone staircase leading up.
Health restored: 24
Casting: Sandblast (safe; 6% risk of failure)
Confirm with . or Enter, or press ? or * to list all spells.
The spell is extremely dangerous to cast (21% risk of failure)!
Continue anyway? [Y]es or [N]o only, please.
The spell is extremely dangerous to cast (21% risk of failure)!
Continue anyway?
Okay, then.
You don't have any stones to cast with.
Unknown command.
The helpless endoplasm fails to defend itself.
You hit the endoplasm.
You kill the endoplasm!
No target in view!
Found 18 bolts.
You now have 63 gold pieces (gained 7).
c - 23 stones A rat comes into view.
An ogre comes into view. It is wielding a +0 giant spiked club.
The helpless rat fails to defend itself.
You hit the rat.
You kill the rat!
You hit the ogre but do no damage. The ogre misses you.
You barely miss the ogre. The ogre barely misses you.
You barely miss the ogre. You hit the ogre but do no damage.
The ogre hits you with a +0 giant spiked club!!
Ouch! That really hurt!
You die...

.# #.. .# #.# .....
.# #.# .... .# #.#
.... .# #.# ##/.###
.# #.# .....
.######.# #.#.#
........#######.#.#
#######.........@.#
#.......##..#..#O#
#.......##..#..#.# #
#.<.....##.....#....
#....................
#.......###..###.....
#.......# #...(..####
#.......# ##.#####
#############.#


You could see an ogre.

Vanquished Creatures
  An adder (D:2)
  4 ball pythons
  3 endoplasms
  3 giant cockroaches (D:1)
  5 goblins (D:1)
  3 hobgoblins (D:1)
  10 jackals (D:1)
  3 kobolds (D:1)
  2 quokkas (D:1)
  A bat (D:1)
  A frilled lizard (D:1)
  6 rats
42 creatures vanquished.

Notes
Turn   | Place    | Note
-------+----------+-------------------------------------------
     0 | D:1      | gimp the Tengu Earth Elementalist began the quest for the
                  | Orb.
     0 | D:1      | Reached XP level 1. HP: 10/10 MP: 4/4
   157 | D:1      | Reached XP level 2. HP: 15/15 MP: 0/6
   711 | D:1      | Reached XP level 3. HP: 19/19 MP: 5/8
   719 | D:1      | Learned a level 3 spell: Stone Arrow
   841 | D:1      | Reached skill level 3 in Spellcasting
  1474 | D:1      | Reached skill level 1 in Conjurations
  2269 | D:2      | Reached XP level 4. HP: 20/24 MP: 9/9
  2343 | D:2      | Noticed an ogre
  2348 | D:2      | Slain by an ogre

Illustrated notes

Levels and vault maps discovered:
D:1:      wander_arrival_fairy_ring, layout_basic
D:2:      layout_loops_cross, hellmonk_ecumenical_altar_lost_god, st_stairs_12,
          serial_bayou_pond_d

Skill      XL: |  1  2  3 |
---------------+----------+-----
Spellcasting   | 3 |  3.0
Conjurations   | 2 |  2.1
Dodging        | |  2.1
Stealth        | |  2.0
Transmutations | |  0.7
Earth Magic    | |  2.7

Action                   |  1- 3 |  4- 6 || total
-------------------------+-------+-------++-------
Melee: Dagger            |    61 |     6 ||    67
       Kick              |    19 |       ||    19
       Unarmed           |     1 |       ||     1
       Peck              |     9 |       ||     9
 Cast: Sandblast         |    33 |       ||    33
 Stab: Sleeping          |     1 |     2 ||     3
Armor: Robe              |    18 |       ||    18
Dodge: Dodged            |    45 |     2 ||    47

Table legend: (Time is in decaauts)
 A = Elapsed time spent in this place.
 B = Non-inter-level travel time spent in this place.
 C = Inter-level travel time spent in this place.
 D = Time resting spent in this place.
 E = Time spent auto-exploring this place.
 F = Levels seen in this place.
 G = Mean time per level.
                   A        B        C        D        E       F      G
               +--------+--------+--------+--------+--------+-----+--------+
         Total |   2348 |   2301 |     47 |      4 |   2019 |   2 | 1174.0 |
       Dungeon |   2348 |   2301 |     47 |      4 |   2019 |   2 | 1174.0 |
               +--------+--------+--------+--------+--------+-----+--------+

Top non-repeatable levels by time:
     D:1: 2203 daAuts
     D:2: 144 daAuts
